 Dungeon Crawl Stone Soup version 0.29-a0-1052-g6990b1bffc (webtiles) character file.

Game seed: 6005713914893539600

1605 nicolae the Blocker (level 9, -5/64 HPs)
             Began as a Formicid Fighter on Aug 17, 2022.
             Killed by divine providence
             ... invoked by an orc priest
              (14 damage)
             ... on level 6 of the Dungeon.
             The game lasted 00:11:07 (5277 turns).

nicolae the Blocker (Formicid Fighter)              Turns: 5277, Time: 00:11:08

Health: -5/64      AC: 12    Str: 24    XL:     9   Next: 16%
Magic:  9/9        EV:  7    Int:  9    God:
Gold:   54         SH: 13    Dex: 13    Spells: 8/8 levels left

rFire   . . .      SeeInvis +   a - +0 war axe
rCold   . . .      Faith    .   d - +2 kite shield
rNeg    . . .      Spirit   .   s - +0 chain mail
rPois   .          Reflect  .   (helmet unavailable)
rElec   .          Harm     .   y - +0 cloak
rCorr   .          Rampage  .   f - +0 pair of gloves
Will    .....                   r - +0 pair of boots
Stlth   ..........              z - amulet of the acrobat
HPRegen 0.20/turn               (no ring)
MPRegen 0.11/turn               (no ring)

@: no status effects
A: permanent stasis, dig shafts and tunnels, antennae 3, four strong arms
a: Dig, Shaft Self


You were on level 6 of the Dungeon.
You visited 1 branch of the dungeon, and saw 6 of its levels.
You also visited: Sewer.

You collected 354 gold pieces.
You spent 300 gold pieces at shops.

Inventory:

Hand Weapons
 a - a +0 war axe (weapon)
Missiles
 p - 3 boomerangs
 E - 10 poisoned darts
Armour
 d - a +2 kite shield (worn)
 f - a +0 pair of gloves (worn)
 r - a +0 pair of boots (worn)
 s - a +0 chain mail (worn)
 y - a +0 cloak (worn)
 C - a +0 pair of boots of rampaging
Jewellery
 b - an amulet of reflection
 z - an amulet of the acrobat (around neck)
 B - the macabre finger necklace {rN+}
   (You found it on level 5 of the Dungeon)

   [amulet of nothing]

   It enables you to equip an extra ring.
   rN:        It protects you from negative energy.
Wands
 c - a wand of digging (5)
 j - a wand of roots (3)
 x - a wand of charming (14)
Scrolls
 g - 3 scrolls of poison
 k - a scroll of fog
 n - 3 scrolls of fear
 o - a scroll of magic mapping
 q - a scroll of brand weapon {unknown}
 t - a scroll of blinking {unknown}
 A - a scroll of amnesia {unknown}
 D - a scroll of identify
 F - a scroll of silence {unknown}
Potions
 e - a potion of brilliance
 h - 3 potions of curing
 i - 3 potions of flight
 l - a potion of heal wounds
 m - a potion of mutation {unknown}
 u - a potion of berserk rage {unknown}
 v - a potion of degeneration {unknown}
 w - a potion of resistance {unknown}


   Skills:
 - Level 3.2 Fighting
 + Level 8.7 Axes
 - Level 3.2 Armour
 - Level 10.0 Shields


You had 8 spell levels left.
You didn't know any spells.
Your spell library contained the following spells:

 Spells                   Type           Power      Damage    Failure   Level
 Magic Dart               Conj           0%         1d3       99%         1
 Summon Small Mammal      Summ           0%         N/A       99%         1
 Call Imp                 Summ           0%         N/A       100%        2
 Call Canine Familiar     Summ           0%         N/A       100%        3
 Gell's Gravitas          Tloc           0%         N/A       100%        3
 Mephitic Cloud           Conj/Pois/Air  0%         N/A       100%        3
 Summon Guardian Golem    Hex/Summ       0%         N/A       100%        3
 Teleport Other           Tloc           0%         N/A       100%        3
 Dispersal                Tloc           0%         N/A       100%        6
 Orb of Destruction       Conj           0%         9d5       100%        7
 Spellforged Servitor     Conj/Summ      0%         N/A       100%        7


Dungeon Overview and Level Annotations

Branches:
Dungeon (6/15)             Temple (0/1) D:4           Sewer (visited)

Altars:

Shops:
D:1 (   D:5 [*


Innate Abilities, Weirdness & Mutations

You cannot be hasted, slowed, berserked, paralysed or teleported.
You can dig through walls and to a lower floor.
You have a pair of large antennae on your head. (SInv)
Your four strong arms can wield two-handed weapons with a shield.


Message History

The ogre hits you but does no damage.
You hit the ogre but do no damage.
The ogre is heavily wounded.
You hit the orc priest but do no damage.
The orc priest invokes the aid of Beogh against you.
Pain shoots through your body!
You closely miss the ogre.
The ogre is heavily wounded.
You hit the orc priest but do no damage.
You block the ogre's attack.
The orc priest hits you with a +6 vorpal mace.
You are too injured to fight recklessly!
You are too injured to fight recklessly!
You are too injured to fight recklessly!
You are too injured to fight recklessly!
You slash the ogre!
The ogre is almost dead.
You completely miss the orc priest. You block the orc priest's attack.
You block the ogre's attack.
You barely miss the orc priest. You slash the ogre!
You kill the ogre!
The orc priest hits you with a +6 vorpal mace.
The orc priest hits you with a +6 vorpal mace.
* * * LOW HITPOINT WARNING * * *
Things that are here:
a +0 giant spiked club; a hound corpse You slash the orc priest!
The orc priest is severely wounded.
You block the orc priest's attack.
You barely miss the orc priest.
The orc priest is severely wounded.
You block the orc priest's attack.
You closely miss the orc priest.
The orc priest is severely wounded.
The orc priest calls down the wrath of Beogh upon you.
Beogh smites you!
* * * LOW HITPOINT WARNING * * *
The orc priest calls down the wrath of Beogh upon you.
Beogh smites you!
You die...

...........#
############ .##....
# #######..#... #
#........#... #
#........#.. #
####.......!#..
####...........#.#
.........# #..)#
######...# #o@#
.........#######.#
######...##......#
......#####.####....#
...†..# #.# ####.#
...###### #.##### #
........# #.....#
...####.# #.###.#
........#######.###


You could see an orc priest.

Vanquished Creatures
  2 water moccasins
  Duvessa (D:6)
  3 ogres (D:6)
  A phantom (D:5)
  2 kobold brigands (D:6)
  3 scorpions
  Dowan (D:6)
  3 hounds
  2 orc priests (D:5)
  5 iguanas
  2 orc wizards (D:5)
  10 adders
  4 gnolls (D:4)
  A shadow imp (D:5)
  2 white imps
  An ufetubus (D:4)
  3 worms
  A dart slug (D:5)
  14 orcs
  16 bats
  7 endoplasms
  4 giant cockroaches
  7 hobgoblins
  4 jackals (D:2)
  2 quokkas
  7 ball pythons
  5 frilled lizards
  10 goblins
  12 kobolds
  6 rats
141 creatures vanquished.

Notes
Turn   | Place    | Note
-------+----------+-------------------------------------------
     0 | D:1      | nicolae the Formicid Fighter began the quest for the Orb.
     0 | D:1      | Reached XP level 1. HP: 18/18 MP: 1/1
   326 | D:1      | Found Fuclu's Antique Weapon Emporium.
   424 | D:1      | Reached XP level 2. HP: 24/24 MP: 2/2
   438 | D:1      | Found a faded altar of an unknown god.
  1114 | D:2      | Reached XP level 3. HP: 22/29 MP: 3/3
  1202 | D:2      | Reached skill level 5 in Shields
  1262 | D:2      | Reached XP level 4. HP: 35/35 MP: 4/4
  2512 | D:3      | Reached XP level 5. HP: 41/41 MP: 5/5
  2562 | D:3      | Found a glowing drain.
  2570 | Sewer    | Entered a sewer
  2610 | Sewer    | Noticed a water moccasin
  2621 | Sewer    | Killed a water moccasin
  2622 | Sewer    | Reached skill level 6 in Shields
  2622 | Sewer    | Reached XP level 6. HP: 22/47 MP: 6/6
  3145 | D:4      | Found a staircase to the Ecumenical Temple.
  3278 | D:4      | Reached skill level 7 in Shields
  3339 | D:4      | Reached skill level 5 in Axes
  3341 | D:4      | Reached XP level 7. HP: 52/52 MP: 7/7
  3833 | D:5      | Entered Level 5 of the Dungeon
  3994 | D:5      | Reached skill level 8 in Shields
  4008 | D:5      | Noticed a water moccasin
  4017 | D:5      | Killed a water moccasin
  4120 | D:5      | Reached XP level 8. HP: 29/58 MP: 8/8
  4395 | D:5      | Found the macabre finger necklace {rN+}
  4396 | D:5      | Found Tiasm's Antique Armour Shoppe.
  4410 | D:5      | Reached skill level 9 in Shields
  4411 | D:5      | Bought a pair of runed boots for 180 gold pieces
  4648 | D:5      | Found Vufoff's General Store.
  4785 | D:5      | Bought a potion of curing for 36 gold pieces
  4785 | D:5      | Bought a potion of curing for 36 gold pieces
  4785 | D:5      | Bought a scroll of poison for 48 gold pieces
  4899 | D:6      | Noticed Dowan
  4919 | D:6      | Killed Dowan
  5129 | D:6      | Noticed Duvessa
  5137 | D:6      | Killed Duvessa
  5138 | D:6      | Reached skill level 10 in Shields
  5203 | D:6      | Reached XP level 9. HP: 59/64 MP: 9/9
  5277 | D:6      | Killed from afar by an orc priest

Illustrated notes

Levels and vault maps discovered:
D:1:      dpeg_arrival_chambers_temple_mockup, layout_basic, serial_shops,
          nicolae_shop_waterfront, ebering_ecumenical_altar_mist,
          chequers_serial_rivers_small_3
D:2:      layout_loops_ring, minmay_fractal_squares_5
D:3:      layout_basic, portal_sewer_entry_a
D:4:      layout_rooms, minmay_temple_entry_stoned_glass, minmay_vboxes
D:5:      layout_cave_pools, serial_shops, shop, nicolae_inconvenience_store
D:6:      minmay_angry_zag, layout_basic, uniq_crazy_yiuf_cottage, uniq_duvessa

Skill      XL: |  1  2  3  4  5  6  7  8 |
---------------+-------------------------+-----
Axes           | 3 4 5 6 8 |  8.7
Shields        | 5 6 7 8 10 | 10.0
Fighting       | |  3.2
Armour         | |  3.2

Action                   |  1- 3 |  4- 6 |  7- 9 || total
-------------------------+-------+-------+-------++-------
Melee: War axe           |    76 |   154 |   199 ||   429
  Use: Scroll            |       |     5 |     4 ||     9
       Potion            |       |     3 |     4 ||     7
Armor: Scale mail        |    34 |    49 |       ||    83
       Chain mail        |       |    36 |   100 ||   136
Dodge: Dodged            |    35 |    58 |    40 ||   133
Block: Buckler           |    28 |    50 |       ||    78
       Kite shield       |       |    41 |   170 ||   211

Table legend: (Time is in decaauts)
 A = Elapsed time spent in this place.
 B = Non-inter-level travel time spent in this place.
 C = Inter-level travel time spent in this place.
 D = Time resting spent in this place.
 E = Time spent auto-exploring this place.
 F = Levels seen in this place.
 G = Mean time per level.
                   A        B        C        D        E       F      G
               +--------+--------+--------+--------+--------+-----+--------+
         Total |   5422 |   5256 |    166 |    801 |   3312 |   7 |  774.6 |
       Dungeon |   5053 |   4887 |    166 |    529 |   3273 |   6 |  842.2 |
         Sewer |    368 |    368 |      0 |    272 |     39 |   1 |  368.0 |
               +--------+--------+--------+--------+--------+-----+--------+

Top non-repeatable levels by time:
     D:2: 1346 daAuts
     D:5: 1051 daAuts
     D:1: 899 daAuts
     D:4: 758 daAuts
     D:3: 559 daAuts
     D:6: 438 daAuts
   Sewer: 368 daAuts
